 Dungeon Crawl Stone Soup version 0.26-a0-660-gc07710193c (webtiles) character file.

Game seed: 10538644258748557461

13136 Borbozo the Basher (level 11, -3/102 HPs)
             Began as a Minotaur Monk on Oct 8, 2020.
             Was a High Priest of the Shining One.
             Slain by a blink frog (4 damage)
             ... while petrified by a basilisk
             ... on level 2 of the Lair of Beasts.
             The game lasted 01:25:13 (15497 turns).

Borbozo the Basher (Minotaur Monk)                 Turns: 15497, Time: 01:25:14

Health: -3/102     AC:  9    Str: 20    XL:     11   Next: 71%
Magic:  7/10       EV:  2    Int:  4    God:    the Shining One [*****.]
Gold:   700        SH:  0    Dex: 15    Spells: 10/10 levels left

rFire    . . .     SeeInvis +   r - +6 flail (holy)
rCold    + . .     Faith    .   (no shield)
rNeg     + + +     Spirit   .   v - +0 ring mail of the Frog {rCorr Str+3 Int-3 SInv}
rPois    ∞         Reflect  .   (helmet restricted)
rElec    .         Harm     .   S - +0 cloak
rCorr    +         Rampage  .   (no gloves)
MR       .....                  T - +0 pair of boots
Stlth    +.........             (no amulet)
HPRegen  0.27/turn              w - ring of wizardry
MPRegen  0.12/turn              a - ring of protection from cold

@: divine shield, petrified, glowing
A: retaliatory headbutt, horns 2
a: Divine Shield, Cleansing Flame, Summon Divine Warrior, Renounce Religion


You were on level 2 of the Lair of Beasts.
You worshipped the Shining One.
The Shining One was extremely pleased with you.
You visited 3 branches of the dungeon, and saw 14 of its levels.

You collected 700 gold pieces.

Inventory:

Hand Weapons
 b - a +4 battleaxe
 f - a cursed +0 spear
 m - a +0 hunting sling of freezing
 r - a +6 flail of holy wrath (weapon)
 J - a +2 dagger of distortion
 K - a +1 mace of protection
 M - a +3 spear
 N - a +3 trident of freezing
 V - a +1 vorpal mace
Missiles
 c - 382 stones
 k - 94 sling bullets
 n - 65 bolts
 u - 64 poisoned darts (quivered)
 X - 4 silver boomerangs
Armour
 i - a +0 plate armour
 v - the +0 ring mail of the Frog (worn) {rCorr Str+3 Int-3 SInv}
   (You found it on level 10 of the Dungeon)

   It affects your strength (+3).
   It affects your intelligence (-3).
   It lets you see invisible.
   It provides partial protection from all sources of acid and corrosion.
 x - a +0 pair of boots
 y - a +0 cloak
 R - a +0 chain mail
 S - a +0 cloak (worn)
 T - a +0 pair of boots (worn)
Jewellery
 a - a ring of protection from cold (right hand)
 l - an uncursed ring of flight
 w - a ring of wizardry (left hand)
Wands
 A - a wand of iceblast (13)
 I - a wand of enslavement (17)
 L - a wand of flame (35)
 Y - a wand of polymorph (8)
Scrolls
 p - 5 scrolls of teleportation
 q - a scroll of immolation {unknown}
 s - 3 scrolls of remove curse
 B - 3 scrolls of fog {unknown}
 C - 3 scrolls of amnesia {unknown}
 E - 3 scrolls of enchant armour {unknown}
 F - a scroll of fear {unknown}
 O - 4 scrolls of magic mapping {unknown}
 U - a scroll of brand weapon {unknown}
 Z - a scroll of blinking {unknown}
Potions
 d - a potion of invisibility {unknown}
 e - a potion of resistance {unknown}
 g - 4 potions of curing
 j - 3 potions of brilliance
 t - a potion of magic {unknown}
 z - 3 potions of flight {unknown}
 D - 2 potions of lignification {unknown}
 H - a potion of heal wounds
 Q - a potion of might {unknown}
 W - 2 potions of haste
Miscellaneous
 h - a lightning rod (4/4)


   Skills:
 + Level 11.1 Fighting
 + Level 14.6 Maces & Flails
 + Level 3.5(3.8) Slings
 + Level 1.6(2.6) Throwing
 + Level 9.0 Armour
 + Level 7.3 Dodging
 + Level 3.5 Stealth
 + Level 1.2 Invocations
 + Level 0.7 Evocations


You had 10 spell levels left.
You didn't know any spells.
Your spell library contained the following spells:

 Spells                   Type           Power        Failure   Level
 Animate Skeleton         Necr           #.....       32%         1
 Apportation              Tloc           #.....       32%         1
 Corona                   Hex            #......      32%         1
 Foxfire                  Conj/Fire      #...         32%         1
 Summon Small Mammal      Summ           #...         32%         1
 Call Imp                 Summ           #.......     45%         2
 Ensorcelled Hibernation  Hex/Ice        #.....       45%         2
 Call Canine Familiar     Summ           #.......     67%         3
 Confusing Touch          Hex            #.......     67%         3
 Conjure Flame            Conj/Fire      #.......     67%         3
 Dazzling Flash           Conj/Hex       #.....       67%         3
 Inner Flame              Hex/Fire       #.......     67%         3
 Summon Guardian Golem    Hex/Summ       #.......     67%         3
 Tukima's Dance           Hex            #.......     67%         3
 Sticky Flame             Conj/Fire      #.......     96%         4
 Summon Ice Beast         Ice/Summ       #.......     96%         4
 Summon Lightning Spire   Summ/Air       #.......     96%         4
 Fireball                 Conj/Fire      #.........   100%        5


Dungeon Overview and Level Annotations

Branches:
Dungeon (11/15)            Temple (1/1) D:5            Lair (2/6) D:11
  Swamp: Lair:2-4    Shoals: Lair:2-4     Snake: Lair:2-4    Spider: Lair:2-4
    Orc: D:9-12

Altars:
Ashenzari
Cheibriados
Dithmenos
Elyvilon
Fedhas
Gozag
Hepliaklqana
Kikubaaqudgha
Makhleb
Nemelex Xobeh
Okawaru
Qazlal
Ru
Sif Muna
Trog
Uskayaw
Vehumet
Wu Jian
Xom
Yredelemnul
Zin
The Shining One

Shops:
D:11 :

Annotations:
D:6 exclusion: statue


Innate Abilities, Weirdness & Mutations

You reflexively headbutt those who attack you in melee.
You have a pair of horns on your head.


Message History

You have turned to stone.
The blink frog blinks!
The blink frog hits you!
* * * LOW HITPOINT WARNING * * *
The basilisk barely misses you.
The blink frog blinks!
The blink frog barely misses you. The basilisk bites you!
* * * LOW HITPOINT WARNING * * *
The blink frog hits you but does no damage.
The blink frog barely misses you. The basilisk bites you!
* * * LOW HITPOINT WARNING * * *
The blink frog hits you.
* * * LOW HITPOINT WARNING * * *
The blink frog hits you but does no damage.
The blink frog hits you!
* * * LOW HITPOINT WARNING * * *
The basilisk bites you!
* * * LOW HITPOINT WARNING * * *
The blink frog hits you.
* * * LOW HITPOINT WARNING * * *
The blink frog hits you!
You die...

.. ......
...8 ...#..
.##... ..#...
....#.
#......
.....###.....
#.........
#..lF.#
#.F@.# .
##...###...
#..........
#8.<.8#....
#.....# ...
##.8.## .
#.### .. ...


You could see a basilisk and 2 blink frogs.

Vanquished Creatures
  4 two-headed ogres
  An ugly thing (D:11)
  A cyclops (D:11)
  A cane toad (Lair:2)
  A komodo dragon (D:11)
  A troll (D:9)
  Grinder (D:3)
  6 yaks
  Eustachio (D:6)
  Edmund (D:6)
  3 water moccasins
  5 orc warriors
  3 sky beasts
  4 phantoms
  4 black bears
  4 ice beasts
  2 eyes of draining
  4 wolves (Lair:1)
  4 ogres
  A centaur (D:10)
  A big kobold (D:9)
  11 bullfrogs
  6 scorpions
  10 killer bees
  16 wights
  An electric eel (D:9)
  5 howler monkeys (D:8)
  A crimson imp (D:9)
  7 hounds
  A quasit (D:9)
  A gnoll shaman (D:6)
  7 orc priests
  2 jellies
  12 orc wizards
  4 centaur skeletons
  2 iguanas
  6 worker ants
  A hound zombie (D:6)
  A mummy (D:8)
  3 hound skeletons
  A howler monkey zombie (D:7)
  3 worker ant zombies
  A howler monkey skeleton (D:10)
  8 gnolls
  5 adders
  A shadow imp (D:5)
  3 white imps
  2 oozes
  4 adder skeletons
  An adder zombie (D:7)
  2 worms (D:2)
  4 dart slugs
  9 leopard geckos
  46 orcs
  8 giant cockroaches
  3 goblins
  2 hobgoblins
  7 jackals
  2 quokkas
  A ball python (D:2)
  9 bats
  5 frilled lizards
  3 hobgoblin zombies (D:8)
  17 kobolds
  A kobold zombie (D:8)
  4 rats
302 creatures vanquished.

Vanquished Creatures (others)
  40 fungi
  68 plants
108 creatures vanquished.

Grand Total: 410 creatures vanquished

Notes
Turn   | Place    | Note
-------+----------+-------------------------------------------
     0 | D:1      | Borbozo the Minotaur Monk began the quest for the Orb.
     0 | D:1      | Reached XP level 1. HP: 19/19 MP: 0/0
   338 | D:1      | Reached XP level 2. HP: 27/27 MP: 1/1
   355 | D:1      | Reached skill level 4 in Maces & Flails
   585 | D:1      | Reached XP level 3. HP: 33/33 MP: 2/2
  1252 | D:2      | Reached XP level 4. HP: 17/40 MP: 3/3
  1829 | D:2      | Reached skill level 1 in Armour
  2376 | D:2      | Found an iron altar of Okawaru.
  2632 | D:3      | Found a shimmering altar of Xom.
  2781 | D:3      | Reached skill level 5 in Maces & Flails
  2781 | D:3      | Reached XP level 5. HP: 45/47 MP: 4/4
  2904 | D:3      | Noticed Grinder
  2907 | D:3      | Paralysed by Grinder for 3 turns
  2919 | D:3      | Killed Grinder
  2919 | D:3      | Reached skill level 5 in Fighting
  2919 | D:3      | Reached skill level 6 in Maces & Flails
  2919 | D:3      | Reached XP level 6. HP: 13/56 MP: 5/5
  4250 | D:5      | Entered Level 5 of the Dungeon
  4638 | D:4      | Reached XP level 7. HP: 26/61 MP: 6/6
  4867 | D:5      | Reached skill level 7 in Maces & Flails
  5093 | D:5      | Found a staircase to the Ecumenical Temple.
  5339 | Temple   | Entered the Ecumenical Temple
  5385 | Temple   | Became a worshipper of the Shining One
  5385 | Temple   | Reached * piety under the Shining One
  5385 | Temple   | Reached ** piety under the Shining One
  5473 | D:5      | Reached skill level 1 in Slings
  5963 | D:5      | Reached skill level 8 in Maces & Flails
  5963 | D:5      | Reached XP level 8. HP: 56/69 MP: 7/7
  6490 | D:6      | Reached skill level 9 in Maces & Flails
  6577 | D:6      | Reached skill level 5 in Armour
  6970 | D:6      | Noticed Edmund
  6980 | D:6      | Killed Edmund
  6988 | D:6      | Found a radiant altar of Vehumet.
  7037 | D:6      | Reached *** piety under the Shining One
  7046 | D:6      | Noticed Eustachio
  7063 | D:6      | Reached skill level 10 in Maces & Flails
  7098 | D:6      | Reached XP level 9. HP: 72/78 MP: 8/8
  7107 | D:6      | Killed Eustachio
  7351 | D:7      | Reached skill level 5 in Dodging
  8085 | D:8      | Found a sparkling altar of Nemelex Xobeh.
  8099 | D:8      | Reached **** piety under the Shining One
  8144 | D:8      | Reached skill level 11 in Maces & Flails
  8885 | D:8      | Noticed a two-headed ogre
  8901 | D:8      | Killed a two-headed ogre
  8901 | D:8      | Reached skill level 12 in Maces & Flails
  8901 | D:8      | Reached XP level 10. HP: 30/88 MP: 5/9
  9843 | D:9      | Noticed a two-headed ogre
  9993 | D:9      | Killed a two-headed ogre
 10359 | D:9      | Found a burning altar of Makhleb.
 10665 | D:9      | Reached skill level 13 in Maces & Flails
 11460 | D:10     | Entered Level 10 of the Dungeon
 11687 | D:10     | Got a slimy ring mail
 11693 | D:10     | Identified the cursed +0 ring mail of the Frog {rCorr Str+3
                  | Int-3 SInv} (You found it on level 10 of the Dungeon)
 12276 | D:10     | Reached ***** piety under the Shining One
 12367 | D:10     | Noticed a two-headed ogre
 12376 | D:10     | Killed a two-headed ogre
 12376 | D:10     | Reached XP level 11. HP: 48/99 MP: 10/10
 13271 | D:11     | Noticed a two-headed ogre
 13276 | D:11     | Reached skill level 10 in Fighting
 13282 | D:11     | Killed a two-headed ogre
 13282 | D:11     | Reached skill level 14 in Maces & Flails
 13698 | D:11     | Reached skill level 1 in Throwing
 13803 | D:11     | Noticed a cyan ugly thing
 13822 | D:11     | Killed a cyan ugly thing
 13822 | D:11     | Reached skill level 1 in Invocations
 14491 | D:11     | Found a staircase to the Lair.
 14586 | D:11     | Found Kuicuecw's Book Boutique.
 14696 | D:11     | Found a white marble altar of Elyvilon.
 14835 | Lair:1   | Entered Level 1 of the Lair of Beasts
 15496 | Lair:2   | HP: 3/102 [basilisk (5)]
 15497 | Lair:2   | HP: 1/102 [blink frog (2)]
 15497 | Lair:2   | Slain by a blink frog

Illustrated notes

Levels and vault maps discovered:
D:1:      dpeg_arrival_court, layout_loops_corners
D:2:      layout_loops_corners, okawaru_altar_gauntlet_db
D:3:      layout_loops_ring, lemuel_coloured_pillars_altar, uniq_grinder
D:4:      layout_basic, nrook_uturn
D:5:      minmay_chambers_of_threes, layout_basic,
          minmay_temple_entry_mini_moons, nrook_mini_backslash
D:6:      layout_gridville, vehumet_statue, uniq_eustachio, uniq_edmund
D:7:      layout_loops_ring
D:8:      layout_cave_pools, lemuel_round_altar, minmay_mini_ossuary
D:9:      layout_basic, makhleb_grotto_becter, minivault_1, fungi_pond_lemuel
D:10:     layout_rooms, grunt_ministairs_12
D:11:     layout_basic, due_lair_maze_entry_diamond, basic_altar, serial_shops,
          nicolae_shop_waterfront
Temple:   hc_temple_tempest_star
Lair:1:   layout_roguey
Lair:2:   layout_gridlike, spider_nest_entry_rubble,
          ebering_ghost_reflecting_pool, infiniplex_staircase_pool,
          grunt_megastairs_2, uniq_prince_ribbit2

Skill      XL: |  1  2  3  4  5  6  7  8  9 10 11 |
---------------+----------------------------------+-----
Maces & Flails | 4 5 6 8 10 12 13 14 | 14.6
Fighting       | 4 5 6 8 9 11 | 11.1
Stealth        | 2 3 |  3.5
Dodging        | 4 5 6 7 |  7.3
Armour         | 1 2 3 4 6 7 8 9 |  9.0
Slings         | 1 2 3 |  3.5
Throwing       | 1 |  1.6
Invocations    | 1 |  1.2
Evocations     | |  0.7

Action                   |  1- 3 |  4- 6 |  7- 9 | 10-12 || total
-------------------------+-------+-------+-------+-------++-------
Melee: Mace              |    52 |    21 |       |       ||    73
       Headbutt          |    14 |    14 |    35 |    71 ||   134
       Flail             |       |    79 |   267 |   303 ||   649
 Fire: Hunting sling     |       |     5 |     5 |    16 ||    26
Throw: Dart              |       |       |       |     8 ||     8
Invok: Divine Shield     |       |       |     1 |     3 ||     4
 Abil: Evoke Flight      |       |       |     3 |       ||     3
  Use: Scroll            |     1 |    12 |     4 |     6 ||    23
       Potion            |     1 |     4 |     1 |     1 ||     7
 Stab: Sleeping          |     3 |       |       |       ||     3
Armor: Ring mail         |    16 |    21 |    80 |    91 ||   208
Dodge: Dodged            |    47 |    79 |   153 |   178 ||   457
Block: Other             |       |       |     2 |     3 ||     5

Table legend: (Time is in decaauts)
 A = Elapsed time spent in this place.
 B = Non-inter-level travel time spent in this place.
 C = Inter-level travel time spent in this place.
 D = Time resting spent in this place.
 E = Time spent auto-exploring this place.
 F = Levels seen in this place.
 G = Mean time per level.
                   A        B        C        D        E       F      G
               +--------+--------+--------+--------+--------+-----+--------+
         Total |  15385 |  15385 |      0 |   5357 |      0 |  14 | 1098.9 |
       Dungeon |  14627 |  14627 |      0 |   5239 |      0 |  11 | 1329.7 |
        Temple |    102 |    102 |      0 |      0 |      0 |   1 |  102.0 |
          Lair |    654 |    654 |      0 |    118 |      0 |   2 |  327.0 |
               +--------+--------+--------+--------+--------+-----+--------+

Top non-repeatable levels by time:
    D:11: 1904 daAuts
     D:9: 1722 daAuts
     D:8: 1631 daAuts
     D:5: 1498 daAuts
    D:10: 1405 daAuts
     D:2: 1334 daAuts
     D:4: 1205 daAuts
     D:3: 1151 daAuts
     D:1: 1125 daAuts
     D:6: 895 daAuts
     D:7: 753 daAuts
  Lair:1: 622 daAuts
  Temple: 102 daAuts
  Lair:2: 31 daAuts
